 Dungeon Crawl Stone Soup version 0.27-a0-1188-g73eefd5def (webtiles) character file.

Game seed: 13956090204704633986

7 Zonian the Sneak (level 2, -2/18 HPs)
             Began as a Kobold Brigand on May 22, 2021.
             Was a Follower of Cheibriados.
             Slain by Terence
             ... wielding a +0 flail
              (7 damage)
             ... on level 2 of the Dungeon.
             The game lasted 00:01:10 (861 turns).

Zonian the Sneak (Kobold Brigand)                    Turns: 861, Time: 00:01:11

Health: -2/18      AC:  7    Str: 10    XL:     2   Next: 5%
Magic:  2/2        EV: 12    Int: 14    God:    Cheibriados [*.....]
Gold:   35         SH:  0    Dex: 18    Spells: 1/1 levels left

rFire    . . .     SeeInvis .   a - +2 dagger
rCold    . . .     Faith    .   (shield restricted)
rNeg     . . .     Spirit   .   j - +0 ring mail
rPois    .         Reflect  .   (no helmet)
rElec    .         Harm     .   c - +0 cloak
rCorr    .         Rampage  .   i - +0 pair of gloves
Will     .....                  (no boots)
Stlth    ++++......             (no amulet)
HPRegen  0.06/turn              (no ring)
MPRegen  0.08/turn              (no ring)

@: very slow
A: small, no large weapons, nightstalker 3
a: Renounce Religion, Bend Time


You were on level 2 of the Dungeon.
You worshipped Cheibriados.
Cheibriados was aware of your devotion.
You visited 1 branch of the dungeon, and saw 2 of its levels.

You collected 35 gold pieces.

Inventory:

Hand Weapons
 a - a +2 dagger (weapon)
Missiles
 d - 8 poisoned darts (quivered)
 e - 2 curare-tipped darts
Armour
 b - a +0 robe
 c - a +0 cloak (worn)
 i - a +0 pair of gloves (worn)
 j - a +0 ring mail (worn)
Potions
 f - a potion of brilliance
 k - a potion of degeneration {unknown}


   Skills:
 + Level 2.5 Fighting
 + Level 2.6 Short Blades
 + Level 2.1 Throwing
 + Level 1.2 Dodging
 + Level 5.7 Stealth


You had one spell level left.
You didn't know any spells.
Your spell library contained the following spells:

 Spells                   Type           Power      Damage    Failure   Level
 Beastly Appendage        Tmut           0%         N/A       58%         1
 Wereblood                Tmut           0%         N/A       75%         2
 Spider Form              Tmut/Pois      0%         N/A       92%         3
 Ice Form                 Ice/Tmut       0%         N/A       100%        4
 Hydra Form               Tmut           0%         N/A       100%        5


Dungeon Overview and Level Annotations

Branches:
Dungeon (2/15)

Altars:
Cheibriados

Annotations:
D:2 Terence


Innate Abilities, Weirdness & Mutations

You are small and have problems with some larger weapons.
You are completely attuned to the shadows.


Message History

The quokka misses you. Terence completely misses you.
You aren't carrying any scrolls.
It was a potion of heal wounds.
You feel much better. The quokka barely misses you.
Terence says, "You're history."
Terence closely misses you.
You hit Terence.
Terence is lightly wounded.
The quokka completely misses you. Terence hits you but does no damage.
You hit Terence.
Terence is moderately wounded.
The quokka closely misses you. Terence misses you.
You hit Terence.
Terence is moderately wounded.
The quokka barely misses you.
You hit Terence.
Terence is heavily wounded.
The quokka bites you but does no damage.
Terence hits you with a +0 flail.
You hit Terence.
Terence is heavily wounded.
The quokka bites you but does no damage.
Terence hits you with a +0 flail! The kobold closely misses you.
You hit Terence but do no damage.
Terence is heavily wounded.
The quokka barely misses you. Terence hits you but does no damage.
The kobold closely misses you.
Unknown command.
You hit Terence but do no damage.
Terence is heavily wounded.
The quokka bites you but does no damage.
Terence screams, "I'm going to kill you!"
Terence closely misses you.
You closely miss Terence.
Terence is heavily wounded.
The quokka bites you but does no damage.
The kobold hits you with a +0 short sword.
* * * LOW HITPOINT WARNING * * *
Terence hits you with a +0 flail!
You die...

#..........#
##........##
..........#
.(.......#
.......#
.......#
.......#
...K..##
...r@##
##.@## #..
#.. #..


You could see Terence, a quokka and a kobold.

Vanquished Creatures
  An endoplasm (D:1)
  A giant cockroach (D:1)
  A hobgoblin (D:1)
  A quokka (D:1)
  A ball python (D:2)
  A bat (D:1)
6 creatures vanquished.

Notes
Turn   | Place    | Note
-------+----------+-------------------------------------------
     0 | D:1      | Zonian the Kobold Brigand began the quest for the Orb.
     0 | D:1      | Reached XP level 1. HP: 12/12 MP: 1/1
   393 | D:1      | Found a faded altar of an unknown god.
   404 | D:1      | Became a worshipper of Cheibriados the Contemplative
   404 | D:1      | Reached * piety under Cheibriados
   654 | D:1      | Reached XP level 2. HP: 18/18 MP: 2/2
   848 | D:2      | Noticed Terence
   861 | D:2      | Slain by Terence

Illustrated notes

Levels and vault maps discovered:
D:1:      nagdon_arrival_double_spiral, layout_rooms,
          hellmonk_ecumenical_altar_run_dry, serial_forest,
          infiniplex_forest_lined_3_way, infiniplex_forest_clump_small,
          infiniplex_forest_straight_3, infiniplex_forest_lined_4_way,
          infiniplex_forest_lined_room_2, infiniplex_forest_clump_small,
          infiniplex_forest_clump_long, infiniplex_forest_lined_3
D:2:      layout_rooms, mrwooster_statue_mirror, uniq_terence, uniq_sigmund

Action                   || total
-------------------------++-------
Melee: Dagger            ||    18
  Use: Scroll            ||     1
       Potion            ||     1
 Stab: Sleeping          ||     4
Armor: Ring mail         ||    12
Dodge: Dodged            ||    18

Table legend: (Time is in decaauts)
 A = Elapsed time spent in this place.
 B = Non-inter-level travel time spent in this place.
 C = Inter-level travel time spent in this place.
 D = Time resting spent in this place.
 E = Time spent auto-exploring this place.
 F = Levels seen in this place.
 G = Mean time per level.
                   A        B        C        D        E       F      G
               +--------+--------+--------+--------+--------+-----+--------+
         Total |   1027 |    998 |     29 |      0 |    918 |   2 |  513.5 |
       Dungeon |   1027 |    998 |     29 |      0 |    918 |   2 |  513.5 |
               +--------+--------+--------+--------+--------+-----+--------+

Top non-repeatable levels by time:
     D:1: 994 daAuts
     D:2: 32 daAuts
